 Dungeon Crawl Stone Soup version 0.28-a0-1235-g7c8fac35f0 (webtiles) character file.

Game seed: 390504866338334163

245 bearlyready the Bolt Thrower (level 6, -1/58 HPs)
             Began as a Naga Hunter on Dec 24, 2021.
             Killed from afar by an orc wizard (6 damage)
             ... with a magic dart
             ... on level 4 of the Dungeon.
             The game lasted 00:06:21 (4861 turns).

bearlyready the Bolt Thrower (Naga Hunter)          Turns: 4861, Time: 00:06:22

Health: -1/58      AC:  8    Str: 17    XL:     6   Next: 10%
Magic:  6/6        EV:  7    Int: 11    God:
Gold:   120        SH:  0    Dex: 11    Spells: 5/5 levels left

rFire   . . .      SeeInvis +   b - +0 spear
rCold   . . .      Faith    .   (no shield)
rNeg    . . .      Spirit   .   z - +0 scale mail
rPois   +          Reflect  .   (no helmet)
rElec   .          Harm     .   g - +1 cloak
rCorr   .          Rampage  .   e - +0 pair of gloves
Will    .....                   (no barding)
Stlth   ..........              (no amulet)
HPRegen 0.19/turn               (no ring)
MPRegen 0.10/turn               (no ring)

@: very slow
A: AC +2, large, see invisible, deformed body, poison resistance, slowness 2,
spit poison 1, naga tail 1
a: Spit Poison


You were on level 4 of the Dungeon.
You visited 1 branch of the dungeon, and saw 5 of its levels.

You collected 156 gold pieces.
You spent 36 gold pieces at shops.

Inventory:

Hand Weapons
 a - a +1 hand crossbow
 b - a +0 spear (weapon)
 x - a +0 short sword
Missiles
 c - a throwing net
 d - 33 bolts
 y - a boomerang (quivered)
Armour
 e - a +0 pair of gloves (worn)
 f - a +0 buckler
 g - a +1 cloak (worn)
 o - a +0 kite shield
 z - a +0 scale mail (worn)
Wands
 h - a wand of iceblast (4)
 A - a wand of polymorph (4)
Scrolls
 k - 3 scrolls of teleportation
 l - a scroll of immolation {unknown}
 m - 2 scrolls of identify
 s - 2 scrolls of amnesia {unknown}
 t - a scroll of enchant weapon {unknown}
 u - 2 scrolls of magic mapping {unknown}
 v - a scroll of noise {unknown}
 w - 2 scrolls of fog {unknown}
Potions
 i - a potion of degeneration
 j - 3 potions of mutation
 n - a potion of invisibility {unknown}
 p - a potion of lignification {unknown}
 q - a potion of heal wounds {unknown}
 r - a potion of berserk rage {unknown}


   Skills:
 + Level 4.5 Fighting
 - Level 5.2 Crossbows
 - Level 1.5 Dodging
 + Level 1.5 Stealth


You had 5 spell levels left.
You didn't know any spells.
Your spell library was empty.

Dungeon Overview and Level Annotations

Branches:
Dungeon (5/15)
 Temple: D:4-7

Altars:

Shops:
D:1 ?!**


Innate Abilities, Weirdness & Mutations

Your serpentine skin is tough. (AC +2)
You have supernaturally acute eyesight. (SInv)
Armour fits poorly on your strangely shaped body.
Your system is resistant to poisons. (rPois)
You cover ground very slowly.
You can spit poison.
You have a snake-like lower body.


Message History

The orc hits you with a +0 dagger.
The orc wizard points at you and mumbles some strange words.
The puff of flame hits you!
* * * LOW HITPOINT WARNING * * *
You closely miss the orc wizard.
The orc wizard is almost dead.
The orc hits you but does no damage.
The orc wizard hits you with a +0 dagger.
* * * LOW HITPOINT WARNING * * *
Aiming: Spit Poison (1% risk of failure)
Press: ? - help, Shift-Dir - straight line The orc barely misses you.
The orc wizard hits you but does no damage.
Unknown command.
You hit the orc wizard.
The orc wizard is almost dead.
The orc barely misses you.
The orc wizard hits you but does no damage.
The orc hits you with a +0 dagger.
* * * LOW HITPOINT WARNING * * *
Okay, then.
You closely miss the orc wizard.
The orc wizard is almost dead.
You have got your breath back.
The orc wizard barely misses you. The orc barely misses you.
You barely miss the orc wizard.
The orc wizard is almost dead.
The orc wizard hits you but does no damage.
The orc hits you with a +0 dagger.
* * * LOW HITPOINT WARNING * * *
You barely miss the orc wizard.
The orc wizard is almost dead.
The orc wizard hits you with a +0 dagger.
* * * LOW HITPOINT WARNING * * *
The orc hits you but does no damage.
You barely miss the orc wizard.
The orc wizard is almost dead.
The orc wizard points at you and mumbles some strange words.
The magic dart hits you.
You die...

#.##†#.# #####.#..#.####
#........#.##.#
#.###.####.##.#
#.#[(......#..#
#.#.#.######..#
#.............#
###########...#o#######.##
...............)@o.......#
###########...#.##########
#<..#..........#
##..########.### #..# #.#
#..########.#
#...........#
#.########### #.#####


You could see an orc wizard and an orc.

Vanquished Creatures
  A jelly (D:4)
  Natasha (twice) (D:3)
  An orc wizard (D:2)
  5 adders
  3 worms
  3 dart slugs
  9 orcs
  6 ball pythons
  3 endoplasms
  5 giant cockroaches
  3 goblins
  8 hobgoblins
  3 kobolds
  5 quokkas
  9 bats
  A frilled lizard (D:1)
  4 rats
71 creatures vanquished.

Notes
Turn   | Place    | Note
-------+----------+-------------------------------------------
     0 | D:1      | bearlyready the Naga Hunter began the quest for the Orb.
     0 | D:1      | Reached XP level 1. HP: 19/19 MP: 1/1
   135 | D:1      | Found Eniugok's Assorted Antiques.
   263 | D:1      | Found Tushog's General Store.
   302 | D:1      | Bought a potion of degeneration for 12 gold pieces
   351 | D:1      | Found a faded altar of an unknown god.
   429 | D:1      | Found Vukumadouzu's Magic Scroll Shop.
   434 | D:1      | Bought a scroll of identify for 24 gold pieces
   476 | D:1      | Found Etis's Distillery.
   978 | D:2      | Reached XP level 2. HP: 25/27 MP: 2/2
  1242 | D:2      | Reached skill level 4 in Crossbows
  1242 | D:2      | Reached XP level 3. HP: 12/33 MP: 3/3
  1991 | D:2      | Reached XP level 4. HP: 33/42 MP: 4/4
  2736 | D:3      | Reached XP level 5. HP: 48/50 MP: 5/5
  2748 | D:3      | Noticed Natasha
  2762 | D:3      | Killed Natasha
  2978 | D:3      | Noticed Natasha
  2983 | D:3      | Killed Natasha
  3055 | D:3      | Reached skill level 5 in Crossbows
  3970 | D:4      | Reached XP level 6. HP: 32/58 MP: 6/6
  4780 | D:5      | Entered Level 5 of the Dungeon
  4861 | D:4      | Killed from afar by an orc wizard

Illustrated notes

Levels and vault maps discovered:
D:1:      eino_arrival_water_star, layout_basic,
          shapermc_ecumenical_altar_totnotflames, serial_shops,
          nicolae_shop_hallway_plus, nicolae_shop_advertising_works
          [nicolae_subvault_shop_adworks], nicolae_shop_trees, shop,
          minmay_misc_feat_diagonals
D:2:      layout_basic
D:3:      layout_loops_ring, uniq_natasha
D:4:      layout_basic
D:5:      layout_gridville, ebering_ghost_sewer_f

Skill      XL: |  1  2  3  4  5 |
---------------+----------------+-----
Crossbows      | 4 5 |  5.2
Fighting       | 3 4 |  4.5
Dodging        | |  1.5
Stealth        | |  1.5

Action                   |  1- 3 |  4- 6 || total
-------------------------+-------+-------++-------
Melee: Short sword       |   118 |   179 ||   297
       Spear             |       |    50 ||    50
 Fire: Hand crossbow     |    13 |     5 ||    18
 Abil: Spit Poison       |     4 |     5 ||     9
  Use: Scroll            |     2 |       ||     2
Armor: Ring mail         |    58 |   118 ||   176
       Leather armour    |     2 |       ||     2
       Scale mail        |       |    32 ||    32
Dodge: Dodged            |    46 |    92 ||   138

Table legend: (Time is in decaauts)
 A = Elapsed time spent in this place.
 B = Non-inter-level travel time spent in this place.
 C = Inter-level travel time spent in this place.
 D = Time resting spent in this place.
 E = Time spent auto-exploring this place.
 F = Levels seen in this place.
 G = Mean time per level.
                   A        B        C        D        E       F      G
               +--------+--------+--------+--------+--------+-----+--------+
         Total |   5888 |   5683 |    205 |    512 |   4248 |   5 | 1177.6 |
       Dungeon |   5888 |   5683 |    205 |    512 |   4248 |   5 | 1177.6 |
               +--------+--------+--------+--------+--------+-----+--------+

Top non-repeatable levels by time:
     D:4: 1566 daAuts
     D:2: 1503 daAuts
     D:1: 1446 daAuts
     D:3: 1299 daAuts
     D:5: 73 daAuts
